[Event "Titled Tuesday Blitz April 19 Early 2022"]
[White "Babazada, Khazar"]
[Black "Cherniaiev, Tykhon"]
[WhiteFideId "13413554"]
[BlackFideId "14182360"]
[WhiteElo "2406"]
[BlackElo "2289"]
[Result "0-1"]
[Round "07"]
[TimeControl "180+1"]
[Date "2022.04.19"]
[WhiteClock "0:00:07"]
[BlackClock "0:00:04"]

1. e4 c5 2. Nf3 e6 3. d4 cxd4 4. Nxd4 a6 5. Bd3 Qc7 6. O-O Nf6 7. Qe2 d6 8. c4 Nc6 9. Nxc6 bxc6 10. Nc3 Be7 11. Kh1 O-O 12. f4 Nd7 13. Bc2 Rb8 14. Rb1 Bf6 15. Qf3 e5 16. f5 Nc5 17. g4 h6 18. g5 Bxg5 19. Bxg5 hxg5 20. f6 g6 21. Rg1 Qd7 22. Rxg5 Qh3 23. Rg3 Qh6 24. Rbg1 Rxb2 25. Qd1 Ne6 26. R3g2 Nf4 27. Qc1 Rb8 28. Rg3 Qh4 29. Qd2 Qxf6 30. Nd1 Nh5 31. R3g2 Qf3 32. Qe3 Qxe3 33. Nxe3 Nf4 34. Rd2 Rd8 35. c5 d5 36. exd5 cxd5 37. Bb3 Bb7 38. Rgd1 d4+ 39. Kg1 Rdc8 40. Ng4 Kg7 41. Nxe5 Rxc5 42. Nd7 Rg5+ 43. Kf1 Rh8 44. Rf2 Rf5 45. Rxd4 Ne6 46. Rxf5 gxf5 47. Rb4 Bc6 48. Ne5 Bb5+ 49. Kg1 Rd8 50. a4 Be8 51. h4 Kf6 52. Nf3 Rd3 53. Kf2 Bc6 54. Ne1 Rh3 55. Rb6 Bd7 56. Bxe6 fxe6 57. Rxa6 Rxh4 58. Nf3 Rxa4 59. Rd6 Bc8 60. Rc6 Bb7 61. Rc4 Rxc4 0-1


[Site "https://www.chess.com"]

[Event "Titled Tuesday Blitz April 19 Early 2022"]
[White "Bach, Ngoc Thuy Duong"]
[Black "Ambartsumova, Karina"]
[WhiteFideId "12408956"]
[BlackFideId "4166299"]
[WhiteElo "1862"]
[BlackElo "2262"]
[Result "1-0"]
[Round "07"]
[TimeControl "180+1"]
[Date "2022.04.19"]
[WhiteClock "0:00:01"]
[BlackClock "0:00:08"]

1. d4 Nf6 2. c4 g6 3. Nc3 Bg7 4. e4 d6 5. Nf3 O-O 6. Be2 e5 7. O-O Nc6 8. d5 Ne7 9. b4 a5 10. Ba3 axb4 11. Bxb4 b6 12. a4 Nd7 13. a5 f5 14. Ng5 Nc5 15. axb6 Rxa1 16. Qxa1 cxb6 17. Bxc5 bxc5 18. Qa7 Nxd5 19. Nxd5 Qxg5 20. Ne7+ Kh8 21. Nxc8 Rxc8 22. Bf3 fxe4 23. Bxe4 Qd2 24. Qd7 Rf8 25. Bd5 e4 26. Bxe4 Bd4 27. Bf3 Rxf3 28. gxf3 Be5 29. Qg4 Bd4 30. Kg2 Kg7 31. f4 h5 32. Qf3 Qc2 33. Qd5 Kh6 34. h3 h4 35. Kh1 Qe2 36. Qg2 Kg7 37. Kg1 Kf6 38. Qg4 Kf7 39. Qxe2 1-0


[Site "https://www.chess.com"]

[Event "Titled Tuesday Blitz April 19 Early 2022"]
[White "Bachmann, Axel"]
[Black "Liyanage, Ranindu Dilshan"]
[WhiteFideId "3700488"]
[BlackFideId "9915834"]
[WhiteElo "2587"]
[BlackElo "1858"]
[Result "1-0"]
[Round "07"]
[TimeControl "180+1"]
[Date "2022.04.19"]
[WhiteClock "0:00:10"]
[BlackClock "0:00:18"]

1. d4 Nf6 2. g3 d5 3. Nf3 c5 4. Bg2 Nc6 5. O-O h6 6. b3 cxd4 7. Nxd4 e5 8. Nxc6 bxc6 9. c4 Be6 10. Bb2 Bd6 11. Nc3 e4 12. cxd5 cxd5 13. Nb5 O-O 14. Nxd6 Qxd6 15. Bxf6 gxf6 16. Bxe4 Rac8 17. Bg2 d4 18. Qd3 Rfd8 19. Rfd1 Rc3 20. Qd2 Qc5 21. Qxh6 Rc2 22. Qxf6 Rd7 23. Qf3 Kf8 24. h4 Bd5 25. Qh5 Qc6 26. Qh8+ Ke7 27. Qxd4 Rc5 28. b4 Rc4 29. Qe5+ Qe6 30. Qxe6+ Bxe6 31. Rxd7+ Kxd7 32. a3 Rc2 33. Bf3 Bc4 34. Kg2 Ke6 35. h5 Kf6 36. Rh1 Bb5 37. Rd1 a6 38. Rd6+ Kg5 39. h6 Rc8 40. h7 Rh8 41. Be4 f5 42. Rd5 Kh6 43. Bxf5 Bc6 44. e4 Bxd5 45. exd5 Rd8 46. Be4 Kg7 47. f3 Kf6 48. Kf2 Ra8 49. Ke3 Kg7 50. Kd4 a5 51. b5 Rc8 52. b6 Rb8 53. Kc5 a4 54. d6 Rc8+ 55. Kb5 Rc1 56. d7 Rd1 57. Kc6 Rd2 58. Kc7 1-0


[Site "https://www.chess.com"]

[Event "Titled Tuesday Blitz April 19 Early 2022"]
[White "Bacrot, Etienne"]
[Black "Petrovskyi, Vadym"]
[WhiteFideId "605506"]
[BlackFideId "14165210"]
[WhiteElo "2673"]
[BlackElo "2400"]
[Result "0-1"]
[Round "07"]
[TimeControl "180+1"]
[Date "2022.04.19"]
[WhiteClock "0:00:04"]
[BlackClock "0:00:09"]

1. d4 Nf6 2. Bg5 c5 3. d5 Qb6 4. Nc3 Qxb2 5. Bd2 Qb6 6. e4 d6 7. f4 g6 8. Nf3 Bg7 9. e5 Nfd7 10. Rb1 Qc7 11. Nb5 Qd8 12. exd6 O-O 13. Nc7 exd6 14. Nxa8 Nf6 15. Be2 Nxd5 16. O-O Nc6 17. f5 Bxf5 18. Bg5 Nf6 19. Nh4 Be4 20. Nc7 h6 21. Bf4 Nd4 22. Nb5 Bxc2 23. Qd2 Ne4 24. Qe3 Nxe2+ 25. Qxe2 Bxb1 26. Rxb1 Re8 27. Qg4 h5 28. Qh3 a6 29. Nxd6 Bd4+ 30. Kf1 Nxd6 31. Nf3 Nf5 32. g3 Ne3+ 33. Bxe3 Bxe3 34. Re1 Qf6 35. Kg2 Qb2+ 36. Kh1 Qf2 37. Rf1 Qb2 38. Qd7 Rf8 39. Qd5 b5 40. Ne5 Qd4 41. Qxd4 Bxd4 42. Nc6 Bg7 43. Kg2 Kh7 44. Kf3 f5 45. Ke3 c4 46. Kd2 Rc8 47. Nb4 c3+ 48. Kc2 a5 49. Nd3 b4 50. Re1 Rd8 51. Re7 Kh6 52. Nf4 Rd2+ 53. Kc1 a4 54. Re6 b3 55. axb3 axb3 56. Rxg6+ Kh7 57. Rb6 b2+ 58. Kb1 Rd1+ 59. Kc2 Rc1+ 0-1


[Site "https://www.chess.com"]

[Event "Titled Tuesday Blitz April 19 Early 2022"]
[White "Baker, Chris W"]
[Black "Sliwicki, Damian"]
[WhiteFideId "401676"]
[BlackFideId "1127128"]
[WhiteElo "2205"]
[BlackElo "2084"]
[Result "1-0"]
[Round "07"]
[TimeControl "180+1"]
[Date "2022.04.19"]
[WhiteClock "0:00:48"]
[BlackClock "0:00:08"]

1. c4 Nf6 2. Nf3 g6 3. g3 Bg7 4. Bg2 O-O 5. O-O c5 6. Nc3 Nc6 7. d4 cxd4 8. Nxd4 Nxd4 9. Qxd4 d6 10. Qd2 Be6 11. b3 Qd7 12. Bb2 Bh3 13. Rad1 Rad8 14. e4 Bxg2 15. Kxg2 Qc6 16. f3 Rfe8 17. Nd5 Nxd5 18. cxd5 Qa6 19. Bxg7 Kxg7 20. Qd4+ f6 21. Rc1 Rc8 22. a4 b5 23. Qd3 Qa5 24. Rxc8 Rxc8 25. Qxb5 Qd2+ 26. Rf2 Qd1 27. Qd7 Rc2 28. Qxe7+ Kg8 29. Qxf6 Rxf2+ 30. Kxf2 Qd2+ 31. Kg1 Qe3+ 32. Kg2 Qe2+ 33. Kh3 Qf1+ 34. Kg4 Qg2 35. Qd8+ Kg7 36. Qe7+ Kg8 37. Kg5 Qxh2 38. Kf6 Qb2+ 39. e5 Qxe5+ 40. Qxe5 dxe5 41. d6 Kf8 42. d7 1-0


[Site "https://www.chess.com"]

[Event "Titled Tuesday Blitz April 19 Early 2022"]
[White "Balint, Vilmos"]
[Black "Weishaeutel, Moritz"]
[WhiteFideId "718050"]
[BlackFideId "12967300"]
[WhiteElo "2059"]
[BlackElo "2002"]
[Result "0-1"]
[Round "07"]
[TimeControl "180+1"]
[Date "2022.04.19"]
[WhiteClock "0:02:31"]
[BlackClock "0:01:40"]

1. e4 e5 2. f4 d5 3. exd5 e4 4. d3 Nf6 5. Nc3 Bb4 6. Bd2 e3 7. Bxe3 Nxd5 8. Bd2 Bxc3 9. Bxc3 O-O 10. Qd2 Re8+ 11. Be2 Ne3 12. Kf2 Nc6 13. Bf3 Nd4 14. Re1 Ndxc2 15. Re2 Bg4 16. h3 Bh5 17. g4 Qh4# 0-1


[Site "https://www.chess.com"]

[Event "Titled Tuesday Blitz April 19 Early 2022"]
[White "Bas Mas, Jose Joaquin"]
[Black "Sztokbant, Bernardo Vainzoff"]
[WhiteFideId "22219064"]
[BlackFideId "2115956"]
[WhiteElo "2212"]
[BlackElo "2225"]
[Result "0-1"]
[Round "07"]
[TimeControl "180+1"]
[Date "2022.04.19"]
[WhiteClock "0:00:11"]
[BlackClock "0:00:05"]

1. e4 c5 2. Nc3 e6 3. Nf3 Nc6 4. d4 cxd4 5. Nxd4 Qc7 6. Nxc6 dxc6 7. Bd3 e5 8. O-O Nf6 9. Qf3 Be6 10. h3 Be7 11. Qg3 O-O 12. Be3 Nd7 13. a4 Bc5 14. Bh6 g6 15. Bxf8 Bxf8 16. Be2 Nc5 17. Bg4 Bc4 18. Rfe1 Re8 19. b3 Be6 20. Bxe6 Nxe6 21. Ne2 Qa5 22. Red1 Qc5 23. c3 Qb6 24. b4 Qc7 25. a5 Bg7 26. Rd3 Re7 27. Rad1 c5 28. Rd5 h5 29. Qd3 c4 30. Qe3 b6 31. axb6 axb6 32. Rb5 Nf4 33. Nxf4 exf4 34. Qxb6 Qxb6 35. Rxb6 Rxe4 36. Rc1 g5 37. b5 g4 38. hxg4 hxg4 39. Kf1 f3 40. gxf3 gxf3 41. Rb8+ Kh7 42. Rb7 Rh4 43. Ke1 Rh1+ 44. Kd2 Bh6+ 45. Kc2 Rxc1+ 46. Kb2 Rf1 47. Rxf7+ Kg6 48. Rxf3 Re1 49. Ka3 Rb1 50. Ka4 Bd2 51. Rg3+ Kf5 52. Rf3+ Ke4 53. Rh3 Rb3 54. Ka5 Bxc3+ 55. Ka6 Bd4 56. Rh4+ Kd3 57. f4 c3 58. Rh3+ Kc4 59. f5 c2 60. Rh1 Rb1 0-1


[Site "https://www.chess.com"]

[Event "Titled Tuesday Blitz April 19 Early 2022"]
[White "Bluebaum, Matthias"]
[Black "Andreikin, Dmitry"]
[WhiteFideId "24651516"]
[BlackFideId "4158814"]
[WhiteElo "2550"]
[BlackElo "2736"]
[Result "1/2-1/2"]
[Round "07"]
[TimeControl "180+1"]
[Date "2022.04.19"]
[WhiteClock "0:01:25"]
[BlackClock "0:02:03"]

1. d4 d5 2. c4 dxc4 3. e4 b5 4. a4 c6 5. Nc3 b4 6. Nb1 Nf6 7. e5 Nd5 8. Bxc4 e6 9. Nf3 Be7 10. O-O Nd7 11. Nbd2 Bb7 12. Ne4 O-O 13. Bg5 c5 14. Bxe7 Qxe7 15. Nd6 Bc6 16. dxc5 Nxc5 17. Nd4 Bd7 18. N4f5 exf5 19. Qxd5 Nxa4 20. Nxf7 Nb6 21. Nh6+ Kh8 22. Nf7+ Kg8 23. Nh6+ Kh8 24. Nf7+ Kg8 1/2-1/2


[Site "https://www.chess.com"]

[Event "Titled Tuesday Blitz April 19 Early 2022"]
[White "Bortnyk, Olexandr"]
[Black "Sjugirov, Sanan"]
[WhiteFideId "14120828"]
[BlackFideId "4189302"]
[WhiteElo "2723"]
[BlackElo "2602"]
[Result "1-0"]
[Round "07"]
[TimeControl "180+1"]
[Date "2022.04.19"]
[WhiteClock "0:00:15"]
[BlackClock "0:00:01"]

1. d4 Nf6 2. Nc3 d5 3. Bf4 Bf5 4. e3 e6 5. f3 a6 6. g4 Bg6 7. h4 h5 8. g5 Nfd7 9. Bd3 Bxd3 10. Qxd3 g6 11. e4 Nb6 12. Be5 Rg8 13. O-O-O Nc6 14. exd5 Nxd5 15. Ne4 b5 16. a3 Nxe5 17. dxe5 Bg7 18. Qd4 c5 19. Nxc5 Qc7 20. Nd3 Ke7 21. f4 Rgc8 22. Rh2 Ke8 23. Nf3 Bf8 24. Kb1 Qb7 25. Nd2 b4 26. axb4 Nxb4 27. Nxb4 Bxb4 28. Ne4 Kf8 29. Nd6 Bxd6 30. exd6 Kg8 31. d7 Rd8 32. Rhd2 Rab8 33. c4 a5 34. c5 a4 35. Qxa4 Ra8 36. c6 Qc7 37. Qxa8 Rxa8 38. d8=Q+ Rxd8 39. Rxd8+ Kg7 40. R8d6 Qb6 41. Rc1 Qb4 42. Rdd1 Qe4+ 43. Rc2 Qf3 44. Rdc1 1-0


[Site "https://www.chess.com"]

[Event "Titled Tuesday Blitz April 19 Early 2022"]
[White "Brodowski, Piotr"]
[Black "Karavade, Eesha"]
[WhiteFideId "1124480"]
[BlackFideId "5012600"]
[WhiteElo "2422"]
[BlackElo "2258"]
[Result "0-1"]
[Round "07"]
[TimeControl "180+1"]
[Date "2022.04.19"]
[WhiteClock "0:00:23"]
[BlackClock "0:01:16"]

1. e4 c5 2. Nf3 d6 3. d4 cxd4 4. Nxd4 Nf6 5. Nc3 a6 6. a3 e6 7. g4 Nfd7 8. Bg2 Qc7 9. O-O Nc6 10. Be3 Nde5 11. Nxc6 bxc6 12. Qe2 a5 13. Rfe1 Ba6 14. Qd1 Be7 15. b3 O-O 16. f4 Nd7 17. Qd2 d5 18. Rad1 Rad8 19. exd5 cxd5 20. Bxd5 Nf6 21. f5 Nxd5 22. Nxd5 Rxd5 23. Qf2 Rxd1 24. Rxd1 Rd8 25. Rf1 Qc6 26. Re1 Bb7 0-1


[Site "https://www.chess.com"]

[Event "Titled Tuesday Blitz April 19 Early 2022"]
[White "Buchenau, Frank"]
[Black "Lauridsen, Jesper Morch"]
[WhiteFideId "4604350"]
[BlackFideId "1401890"]
[WhiteElo "2193"]
[BlackElo "2252"]
[Result "0-1"]
[Round "07"]
[TimeControl "180+1"]
[Date "2022.04.19"]
[WhiteClock "0:02:37"]
[BlackClock "0:02:34"]

1. e4 e6 2. d4 d5 3. Nc3 Bb4 4. Bd3 dxe4 5. Bxe4 Nf6 6. Bf3 O-O 7. Ne2 Nc6 8. O-O Bxc3 9. bxc3 Re8 10. Rb1 e5 11. Bxc6 bxc6 12. dxe5 Qxd1 13. Rxd1 Rxe5 14. Bf4 Rxe2 0-1


[Site "https://www.chess.com"]

[Event "Titled Tuesday Blitz April 19 Early 2022"]
[White "Carrasco Miranda, Andres"]
[Black "Shtyka, Sergey"]
[WhiteFideId "3405990"]
[BlackFideId "4138465"]
[WhiteElo "2177"]
[BlackElo "2014"]
[Result "0-1"]
[Round "07"]
[TimeControl "180+1"]
[Date "2022.04.19"]
[WhiteClock "0:00:23"]
[BlackClock "0:01:25"]

1. d4 c5 2. d5 e5 3. c4 d6 4. Nc3 Be7 5. e4 Bg5 6. Nge2 Bxc1 7. Rxc1 Nf6 8. g3 O-O 9. Bg2 Nbd7 10. O-O a6 11. f4 exf4 12. gxf4 Rb8 13. a4 Re8 14. Ng3 Nf8 15. Qd3 Ng6 16. Rce1 Bd7 17. Kh1 Qa5 18. b3 b5 19. axb5 axb5 20. Nxb5 Bxb5 21. cxb5 Qxb5 22. Qxb5 Rxb5 23. Nf5 Rd8 24. e5 Ne8 25. exd6 Nxd6 26. Nxd6 Rxd6 27. Re8+ Nf8 28. Ra1 Rxb3 29. Raa8 Rb1+ 30. Bf1 g6 31. Rxf8+ Kg7 32. Kg2 Rxd5 33. Rxf7+ Kxf7 34. Bc4 Ke6 35. Ra6+ Kf5 36. Bxd5 Kxf4 37. Rf6+ Ke5 38. Rf7 Kxd5 39. Rxh7 c4 40. Rg7 c3 41. Rd7+ Ke4 42. Rc7 Kd3 43. Rd7+ Ke3 44. Re7+ Kd2 45. Rd7+ Kc1 46. Rc7 c2 47. Kg3 Rb4 0-1


[Site "https://www.chess.com"]

[Event "Titled Tuesday Blitz April 19 Early 2022"]
[White "Chan, Kim Yew"]
[Black "Koelle, Tobias"]
[WhiteFideId "5717981"]
[BlackFideId "16207378"]
[WhiteElo "2206"]
[BlackElo "2541"]
[Result "0-1"]
[Round "07"]
[TimeControl "180+1"]
[Date "2022.04.19"]
[WhiteClock "0:00:03"]
[BlackClock "0:00:18"]

1. Nf3 a6 2. d4 h6 3. e4 g6 4. Nc3 b6 5. a4 Bg7 6. Be2 Bb7 7. Be3 e6 8. O-O d6 9. Nd2 Nd7 10. f4 Ne7 11. Bd3 O-O 12. f5 exf5 13. exf5 Nxf5 14. Bxf5 gxf5 15. Qh5 Qf6 16. Rxf5 Qg6 17. Qh3 Bxg2 18. Qxg2 Qxf5 19. Nd5 Kh8 20. Rf1 Qe6 21. Qf3 Rac8 22. Kh1 c6 23. Nf4 Qf5 24. Ne4 Rcd8 25. Nxd6 Qxc2 26. Nh5 Qg6 27. Nf5 Bf6 28. Nxh6 Rde8 29. Bc1 Qe4 30. Nxf6 Nxf6 31. Bg5 Qxf3+ 32. Rxf3 Ne4 33. Bf4 f5 34. Be5+ Kh7 35. Nxf5 Ng5 36. Rf4 Kg6 37. Ne7+ Kh5 0-1


[Site "https://www.chess.com"]

[Event "Titled Tuesday Blitz April 19 Early 2022"]
[White "Chen, Qi b"]
[Black "Shandrygin, Nikita"]
[WhiteFideId "8614733"]
[BlackFideId "24198668"]
[WhiteElo "2432"]
[BlackElo "2323"]
[Result "1-0"]
[Round "07"]
[TimeControl "180+1"]
[Date "2022.04.19"]
[WhiteClock "0:00:05"]
[BlackClock "0:00:02"]

1. e4 c5 2. Nf3 e6 3. Nc3 Nc6 4. d4 cxd4 5. Nxd4 Nf6 6. a3 Qc7 7. Be3 a6 8. f4 d6 9. Qf3 Bd7 10. Nb3 Rc8 11. g4 d5 12. exd5 Nxd5 13. Nxd5 exd5 14. Bg2 Be7 15. O-O O-O 16. c3 Rfe8 17. Rae1 Bh4 18. Re2 d4 19. cxd4 Ne7 20. Rc1 Bc6 21. Qh3 Ng6 22. d5 Rxe3 23. Qxe3 Nxf4 24. dxc6 Nxe2+ 25. Qxe2 bxc6 26. Kh1 Qb8 27. Na5 Re8 28. Qf3 Bg5 29. Rf1 f6 30. Nxc6 Qxb2 31. Qd5+ Kh8 32. Qf7 Qe2 33. Nd4 Qe7 34. Qxe7 Rxe7 35. Nf5 Re8 36. h4 Bd2 37. h5 1-0


[Site "https://www.chess.com"]

[Event "Titled Tuesday Blitz April 19 Early 2022"]
[White "Chernobay, Artem"]
[Black "Palachev, Petr"]
[WhiteFideId "4167406"]
[BlackFideId "24129003"]
[WhiteElo "2473"]
[BlackElo "2339"]
[Result "1/2-1/2"]
[Round "07"]
[TimeControl "180+1"]
[Date "2022.04.19"]
[WhiteClock "0:00:19"]
[BlackClock "0:01:04"]

1. e4 c5 2. Nf3 Nc6 3. d4 cxd4 4. Nxd4 Nf6 5. Nc3 d6 6. Bg5 Bd7 7. Qd2 Rc8 8. O-O-O Nxd4 9. Qxd4 Qa5 10. f4 Qc5 11. e5 Qxd4 12. Rxd4 dxe5 13. fxe5 Rc5 14. Bf4 g5 15. exf6 gxf4 16. fxe7 Bg7 17. Rd5 Rxd5 18. Nxd5 Bc6 19. Bc4 Be5 20. Re1 f6 21. Re2 h5 22. Rf2 Bxd5 23. Bxd5 Bd4 24. Re2 Be3+ 25. Kd1 b6 26. g3 Kxe7 27. gxf4 Kd6 28. Rxe3 Kxd5 29. Ke2 Rg8 30. Kf2 Rg4 31. Ra3 Rxf4+ 32. Kg3 Rg4+ 33. Kf3 Rc4 34. Rd3+ Ke6 35. c3 a5 36. Rd8 b5 37. Rb8 b4 38. cxb4 axb4 39. Rb5 f5 40. Kg3 h4+ 41. Kf3 Kf6 42. h3 Kg5 43. Rb8 Kf6 44. Rb5 Ke6 45. Rb6+ Ke5 46. Rb5+ Ke6 47. Rb6+ Kd5 48. Rb5+ Ke6 1/2-1/2


[Site "https://www.chess.com"]

[Event "Titled Tuesday Blitz April 19 Early 2022"]
[White "Chigaev, Maksim"]
[Black "Mirzoev, Azer"]
[WhiteFideId "4108116"]
[BlackFideId "13400304"]
[WhiteElo "2478"]
[BlackElo "2525"]
[Result "1-0"]
[Round "07"]
[TimeControl "180+1"]
[Date "2022.04.19"]
[WhiteClock "0:00:46"]
[BlackClock "0:00:07"]

1. e4 Nf6 2. e5 Nd5 3. d4 d6 4. Nf3 dxe5 5. Nxe5 c6 6. Be2 Nd7 7. Nf3 N7f6 8. O-O Bg4 9. c4 Nb6 10. b3 e6 11. Nc3 Be7 12. h3 Bh5 13. Be3 O-O 14. Ne5 Bxe2 15. Qxe2 a5 16. Rfd1 a4 17. Rab1 axb3 18. Rxb3 Ra3 19. Qb2 Rxb3 20. Qxb3 Qc7 21. Rb1 Bd8 22. Nf3 Qc8 23. d5 c5 24. dxe6 Qxe6 25. Bxc5 Nxc4 26. Bxf8 Kxf8 27. Re1 Qc6 28. Qb4+ Kg8 29. Qb5 Qxb5 30. Nxb5 Kf8 31. Ne5 Nxe5 32. Rxe5 Nd7 33. Re3 Bb6 34. Re2 Bc5 35. g3 g6 36. Kg2 h5 37. h4 Nf6 38. Rc2 b6 39. a4 Bb4 40. Rc4 Ba5 41. Rc7 Nd5 42. Rd7 Nf6 43. Rb7 Ne4 44. f3 Nc5 45. Ra7 Nxa4 46. Nd6 f5 47. Nc4 Nc3 48. Ne5 Nd5 49. Nxg6+ Ke8 50. Ne5 Bc3 51. Nc4 b5 52. Nd6+ Kf8 53. Nxb5 1-0


[Site "https://www.chess.com"]

[Event "Titled Tuesday Blitz April 19 Early 2022"]
[White "Constantinou, Peter"]
[Black "Lewtak, Damian"]
[WhiteFideId "413038"]
[BlackFideId "1141724"]
[WhiteElo "2230"]
[BlackElo "2362"]
[Result "1-0"]
[Round "07"]
[TimeControl "180+1"]
[Date "2022.04.19"]
[WhiteClock "0:01:54"]
[BlackClock "0:02:08"]

1. e4 c5 2. Nf3 d6 3. Bb5+ Bd7 4. Bxd7+ Qxd7 5. c4 e5 6. O-O Nc6 7. Nc3 g6 8. d3 Bg7 9. a3 Nge7 10. Rb1 O-O 11. b4 b6 12. bxc5 dxc5 13. Nd5 h6 14. Bxh6 Nxd5 15. Bxg7 Ne3 16. fxe3 Kxg7 17. Qe2 Rad8 18. Rbd1 f6 19. Qf2 Qe6 20. Qg3 Ne7 21. h4 Rh8 22. d4 cxd4 23. exd4 exd4 24. e5 Nf5 25. exf6+ Qxf6 26. Qf4 Rhf8 27. Ng5 Ne3 28. Qc7+ 1-0


[Site "https://www.chess.com"]

[Event "Titled Tuesday Blitz April 19 Early 2022"]
[White "Costachi, Mihnea"]
[Black "Gu, Xiaobing"]
[WhiteFideId "1217518"]
[BlackFideId "8602611"]
[WhiteElo "2476"]
[BlackElo "2174"]
[Result "1-0"]
[Round "07"]
[TimeControl "180+1"]
[Date "2022.04.19"]
[WhiteClock "0:01:50"]
[BlackClock "0:00:07"]

1. e4 c5 2. Nf3 d6 3. b3 Nf6 4. Qe2 g6 5. Bb2 Bg7 6. g3 O-O 7. Bg2 Nc6 8. O-O Qc7 9. d4 cxd4 10. Nxd4 Bg4 11. Qd2 Rac8 12. Nxc6 bxc6 13. Nc3 Rfd8 14. h3 Be6 15. Rad1 d5 16. Qe3 dxe4 17. Nxe4 Nd5 18. Qc1 Bxb2 19. Qxb2 Qa5 20. c4 Nb4 21. a3 Nd3 22. Qc2 Ne5 23. Qb2 Bf5 24. b4 Nxc4 25. Qb3 Qa6 26. Nc5 Qb5 27. a4 Na5 28. axb5 Nxb3 29. Nxb3 Rxd1 30. Rxd1 Bc2 31. Rd7 Bxb3 32. bxc6 Be6 33. Rxa7 Kf8 34. c7 Ke8 35. b5 Kd7 36. b6 Bc4 37. b7 1-0


[Site "https://www.chess.com"]

[Event "Titled Tuesday Blitz April 19 Early 2022"]
[White "Czerw, Dawid"]
[Black "Quirke, Jeffrey"]
[WhiteFideId "1145746"]
[BlackFideId "2013029"]
[WhiteElo "2125"]
[BlackElo "2180"]
[Result "1-0"]
[Round "07"]
[TimeControl "180+1"]
[Date "2022.04.19"]
[WhiteClock "0:01:18"]
[BlackClock "0:00:01"]

1. d4 d5 2. c4 e6 3. Nc3 Nf6 4. cxd5 exd5 5. Bg5 c6 6. e3 Be6 7. Bd3 Nbd7 8. Nge2 h6 9. Bh4 g5 10. Bg3 Nh5 11. Qc2 Nxg3 12. hxg3 Qf6 13. f3 O-O-O 14. g4 Kb8 15. O-O-O Nb6 16. Kb1 Nc4 17. Bxc4 dxc4 18. e4 Bb4 19. d5 cxd5 20. exd5 Bd7 21. Ne4 Qa6 22. Rc1 Rc8 23. a3 Be7 24. Nd4 h5 25. Nf5 Bf6 26. Nfd6 Rc7 27. Nxc4 Rhc8 28. Ned6 Rf8 29. gxh5 b5 30. Qb3 Ka8 31. Ne4 bxc4 32. Qb4 Rb8 33. Qxb8+ Kxb8 34. d6 Qxa3 35. Nxf6 Qxb2+ 36. Kxb2 Rc5 1-0


[Site "https://www.chess.com"]

[Event "Titled Tuesday Blitz April 19 Early 2022"]
[White "Dauner, Benedikt"]
[Black "Skytte, Rasmus"]
[WhiteFideId "16225899"]
[BlackFideId "1404210"]
[WhiteElo "2230"]
[BlackElo "2430"]
[Result "1-0"]
[Round "07"]
[TimeControl "180+1"]
[Date "2022.04.19"]
[WhiteClock "0:01:40"]
[BlackClock "0:00:01"]

1. Nf3 d5 2. c4 e6 3. b3 Nf6 4. e3 Be7 5. Bb2 O-O 6. Qc2 c5 7. g4 Nc6 8. g5 Ne4 9. h4 f5 10. d3 Nd6 11. Nc3 d4 12. exd4 cxd4 13. Nb5 Nxb5 14. cxb5 Qa5+ 15. Kd1 Qxb5 16. Qc4 Qxc4 17. bxc4 e5 18. Bg2 Bd6 19. Re1 a5 20. c5 Bc7 21. Nd2 a4 22. Nc4 e4 23. dxe4 fxe4 24. Bxe4 Rxf2 25. Bd5+ Kf8 26. Nd6 Bg4+ 27. Kc1 Bxd6 28. cxd6 Rd8 29. Ba3 Rd7 30. Rb1 Re2 31. Rxe2 Bxe2 32. Rxb7 Rxb7 33. Bxc6 Rb8 34. d7+ Kg8 35. Bd6 Rd8 36. Be7 1-0


[Site "https://www.chess.com"]

[Event "Titled Tuesday Blitz April 19 Early 2022"]
[White "De Arruda, Leandro Formes"]
[Black "Namitbir Singh Walia"]
[WhiteFideId "22722009"]
[BlackFideId "35071068"]
[WhiteElo "1852"]
[BlackElo "1565"]
[Result "0-1"]
[Round "07"]
[TimeControl "180+1"]
[Date "2022.04.19"]
[WhiteClock "0:00:39"]
[BlackClock "0:00:55"]

1. d4 Nf6 2. Nf3 c5 3. e3 d5 4. c3 Bf5 5. Be2 e6 6. O-O Nc6 7. Ne5 Bd6 8. f4 Qc7 9. Nd2 O-O-O 10. b3 Ne4 11. Nxe4 Bxe4 12. Bb2 f6 13. Nxc6 Qxc6 14. Bf3 f5 15. Qe2 h6 16. Rac1 g5 17. c4 gxf4 18. dxc5 Bxc5 19. Bxh8 Bxe3+ 20. Kh1 Bxc1 21. Rxc1 Rxh8 22. Qb2 d4 23. Qxd4 Rd8 24. Bxe4 Rxd4 25. Bxc6 bxc6 26. Re1 e5 27. h3 Re4 28. Rd1 Kc7 29. Rd2 h5 30. Kg1 h4 31. Kf2 Re3 32. Rb2 a5 33. c5 Rc3 34. Re2 e4 35. Rb2 Rxc5 36. a3 Rc3 37. a4 Kb6 0-1


[Site "https://www.chess.com"]

[Event "Titled Tuesday Blitz April 19 Early 2022"]
[White "De Silva, L M S T"]
[Black "Kobo, Ori"]
[WhiteFideId "9953698"]
[BlackFideId "2812320"]
[WhiteElo "1631"]
[BlackElo "2420"]
[Result "1/2-1/2"]
[Round "07"]
[TimeControl "180+1"]
[Date "2022.04.19"]
[WhiteClock "0:00:14"]
[BlackClock "0:00:07"]

1. e4 e6 2. d4 d5 3. exd5 exd5 4. Bd3 Nc6 5. c3 Bd6 6. Ne2 Nge7 7. O-O O-O 8. Ng3 Re8 9. Nd2 Be6 10. Nf3 h6 11. Re1 Qd7 12. Bd2 Bxg3 13. hxg3 Bf5 14. Qc2 Bxd3 15. Qxd3 f6 16. Nh4 g5 17. Nf3 Kg7 18. Re2 Nf5 19. Rae1 Nd6 20. Bc1 Rxe2 21. Rxe2 Re8 22. Nd2 b6 23. Nf1 Rxe2 24. Qxe2 Qe7 25. Ne3 Qe4 26. Kh2 Kf7 27. b3 Qe6 28. Ba3 Ne4 29. Qh5+ Kg7 30. g4 Nd6 31. Bxd6 Qxd6+ 32. g3 Ne7 33. Nf5+ Nxf5 34. gxf5 Qf8 35. Qg6+ Kh8 36. b4 Qg7 37. Qe8+ Kh7 38. Qe6 h5 39. Qxd5 h4 40. g4 Qe7 41. Qe6 Qxe6 42. fxe6 Kg7 43. d5 Kf8 44. c4 Ke7 45. Kh3 a6 46. a4 Ke8 47. f4 Ke7 48. f5 Ke8 49. a5 bxa5 50. bxa5 Ke7 51. c5 Ke8 52. c6 Ke7 53. Kg2 Kd6 54. Kh3 Ke7 55. Kg2 Kd6 56. Kh3 Ke7 1/2-1/2


[Site "https://www.chess.com"]

[Event "Titled Tuesday Blitz April 19 Early 2022"]
[White "De Souza, Cristiano Gomes"]
[Black "Omelja, Artem"]
[WhiteFideId "2151758"]
[BlackFideId "14119846"]
[WhiteElo "2068"]
[BlackElo "2382"]
[Result "0-1"]
[Round "07"]
[TimeControl "180+1"]
[Date "2022.04.19"]
[WhiteClock "0:00:20"]
[BlackClock "0:00:11"]

1. d4 d5 2. c4 c6 3. Nf3 Nf6 4. Nc3 e6 5. Bg5 h6 6. Bh4 g5 7. Bg3 dxc4 8. a4 Bb4 9. e3 b5 10. Nd2 Bxc3 11. bxc3 Bb7 12. Rb1 Nd5 13. Qc2 Qd7 14. e4 Nb6 15. axb5 cxb5 16. Be2 a6 17. O-O Nc6 18. f4 O-O-O 19. Bf3 Rhg8 20. e5 Ne7 21. Ne4 Bxe4 22. Bxe4 Ned5 23. Rbe1 gxf4 24. Bxf4 Nxf4 25. Rxf4 Rg7 26. Ref1 Rdg8 27. Qf2 Nd5 28. Rxf7 Rxf7 29. Qxf7 Qxf7 30. Rxf7 Nxc3 31. Bb7+ Kb8 32. Bxa6 Rd8 33. Rb7+ Ka8 34. Re7 Rxd4 35. Rxe6 b4 36. Rb6 b3 37. Bxc4 Rxc4 38. Rxb3 Ne4 39. h3 Rc5 40. Rb6 h5 41. Re6 Kb7 42. g4 hxg4 43. hxg4 Rc3 44. Rg6 Kc7 45. Kg2 Kd7 46. Ra6 Rg3+ 47. Kh2 Rxg4 48. Kh3 Rg5 49. Ra5 Ke6 50. Ra6+ Kf5 51. e6 Rg8 52. e7 Kf4 53. Re6 Ng5+ 54. Kh2 Nxe6 0-1


[Site "https://www.chess.com"]